 Dungeon Sprint DCSS version 0.22.1-1-ga44c0e56f4 (webtiles) character file.

28 MuseOD the Sneak (level 3, -2/18 HPs)
             Began as a Spriggan Enchanter on Sept 27, 2018.
             Drowned by a water elemental (4 damage)
             ... in the Dungeon (Sprint III: "The Ten Rune Challenge").
             The game lasted 00:01:31 (146 turns).

MuseOD the Sneak (Spriggan Enchanter)                Turns: 146, Time: 00:01:32

Health: -2/18      AC:  2    Str:  2    XL:     3   Next: 0%
Magic:  6/8        EV: 18    Int: 17    God:
Gold:   32         SH:  0    Dex: 14    Spells: 4/7 levels left

rFire    . . .     SeeInvis +   a - +1 dagger
rCold    . . .     Gourm    .   (shield restricted)
rNeg     . . .     Faith    .   b - +0 robe
rPois    .         Spirit   .   (helmet restricted)
rElec    .         Reflect  .   (no cloak)
rCorr    .         Harm     .   (gloves unavailable)
MR       .....     NoTele   +   (boots unavailable)
Stlth    ++++......             (no amulet)
HPRegen  0.06/turn              (no ring)
MPRegen  0.11/turn              (no ring)

@: engulfed (cannot breathe), very quick
A: very small, unfitting armour, claws 1, camouflage 1, see invisible, clumsy 1,
herbivore, speed 3, slow metabolism 2, weak 1
a: no special abilities


You were in the Dungeon.
You were not hungry.

You visited 1 branch You collected 32 gold pieces.

Inventory:

Hand Weapons
 a - a +1 dagger (weapon)
Armour
 b - a +0 robe (worn)
Scrolls
 i - a scroll of holy word {unknown}
 j - a scroll of blinking
 k - a scroll of remove curse {unknown}
 l - a scroll of enchant weapon {unknown}
 n - 3 scrolls of torment {unknown}
 o - 2 scrolls of identify
 p - a scroll of amnesia {unknown}
Potions
 e - a potion of curing
 f - a potion of heal wounds
 g - a potion of haste
 h - 2 potions of magic
 m - 5 potions of flight
Comestibles
 d - 3 rations


   Skills:
 + Level 2.1 Fighting
 * Level 4.6 Short Blades
 - Level 3.0 Dodging
 + Level 6.4 Stealth
 - Level 2.6 Spellcasting
 - Level 3.6 Hexes


You had 4 spell levels left.
You knew the following spells:

 Your Spells              Type           Power        Failure   Level  Hunger
a - Corona                Hex            ##.....      4%          1    #......
b - Ensorcelled Hibernat  Hex/Ice        #.....       13%         2    ##.....

Your spell library contained the following spells:

 Spells                   Type           Power        Failure   Level  Hunger
 Confuse                  Hex            ##......     12%         3    ###....
 Tukima's Dance           Hex            ##......     12%         3    ###....
 Dazzling Spray           Conj/Hex       #.....       26%         3    ###....


Dungeon Overview and Level Annotations

Branches:
Dungeon (1/1)

Altars:


Innate Abilities, Weirdness & Mutations

You are very small and have problems with some larger weapons.
You are too small for most types of armour.
You have supernaturally acute eyesight. (SInv)
You are a herbivore.
You cover ground extremely quickly.
You need to consume almost no food.
You have sharp fingernails.
Your skin changes colour to match your surroundings (Stealth+).
You are clumsy. (Dex -2)
You are weak. (Str -2)


Message History

You feel more energetic.
Your body's shape seems more normal.
You feel clumsy.
Your skin functions as natural camouflage.
Okay, then.
You open the door.
A water elemental comes into view.
You hit the water elemental.
The water elemental is lightly damaged.
You hit the water elemental.
The water elemental is lightly damaged.
The water elemental hits you!
Ouch! That really hurt!
* * * LOW HITPOINT WARNING * * *
You hit the water elemental but do no damage.
The water elemental is lightly damaged.
The water elemental hits you.
* * * LOW HITPOINT WARNING * * *
The water elemental engulfs you in water!
You hit the water elemental.
The water elemental is lightly damaged.
You die...

▓▓▓▓▓▓▓▓▓▓▓ ▓▓▓
<.#..'....♣♣♣ ♣.#
..#..#......♣ ♣.#
#†####.....♣♣ ♣.#
.....#....≈♣♣♣♣♣.# #+#+#
.....#...≈≈..♣.♣.#......
.....#..≈≈≈≈♣♣..@E.⌠....
####'#..≈≈≈≈≈≈♣♣.#...###
[..†.#.≈≈≈≈≈≈....# ⌠.#
.....#.≈≈≈≈≈.....# .#
.....#.≈≈≈.......# #
'#####...........#
.....†...........#
▓▓▓▓▓▓▓▓▓▓▓▓▓▓▓▓▓▓


You could see a water elemental.

Vanquished Creatures
  A human (D)
  An ooze (D)
  A phantom (D)
  3 rats (D)
6 creatures vanquished.

Vanquished Creatures (others)
  5 hellions (D)
  A plant (D)
6 creatures vanquished.

Grand Total: 12 creatures vanquished

Notes
Turn   | Place    | Note
-------+----------+-------------------------------------------
     0 | D        | MuseOD the Spriggan Enchanter began the quest for the Orb.
     0 | D        | Reached XP level 1. HP: 9/9 MP: 5/5
    17 | D        | Reached skill level 1 in Fighting
    17 | D        | Reached skill level 5 in Stealth
    73 | D        | Reached skill level 6 in Stealth
    73 | D        | Reached XP level 2. HP: 15/15 MP: 6/6
   103 | D        | Learned a level 2 spell: Ensorcelled Hibernation
   113 | D        | Reached XP level 3. HP: 17/18 MP: 8/8
   117 | D        | Killed a hellion
   118 | D        | Killed a hellion
   120 | D        | Killed a hellion
   136 | D        | Gained mutation: Your magical capacity is low. (-10% MP)
                  | [potion of mutation]
   136 | D        | Gained mutation: Armour fits poorly on your strangely
                  | shaped body. [potion of mutation]
   136 | D        | Gained mutation: Your magical capacity is very low. (-20%
                  | MP) [potion of mutation]
   136 | D        | Gained mutation: Your spells are a little harder to cast,
                  | but a little more powerful. [potion of mutation]
   136 | D        | Killed a hellion
   136 | D        | Killed a hellion
   137 | D        | Lost mutation: Armour fits poorly on your strangely shaped
                  | body. [potion of mutation]
   137 | D        | Lost mutation: Your magical capacity is very low. (-20% MP)
                  | [potion of mutation]
   137 | D        | Lost mutation: Your spells are a little harder to cast, but
                  | a little more powerful. [potion of mutation]
   137 | D        | Gained mutation: Armour fits poorly on your strangely
                  | shaped body. [potion of mutation]
   137 | D        | Gained mutation: You are weak. (Str -2) [potion of
                  | mutation]
   137 | D        | Gained mutation: You have sharp fingernails. [potion of
                  | mutation]
   138 | D        | Lost mutation: Your magical capacity is low. (-10% MP)
                  | [potion of mutation]
   138 | D        | Lost mutation: Armour fits poorly on your strangely shaped
                  | body. [potion of mutation]
   138 | D        | Gained mutation: You are clumsy. (Dex -2) [potion of
                  | mutation]
   138 | D        | Gained mutation: Your skin changes colour to match your
                  | surroundings (Stealth+). [potion of mutation]
   142 | D        | Noticed a water elemental
   146 | D        | Drowned by a water elemental

Skill      XL: |  1 |
---------------+----+-----
Fighting       | 2 |  2.1
Short Blades   | 4 |  4.6
Stealth        | 6 |  6.4
Dodging        | |  3.0
Spellcasting   | |  2.6
Hexes          | |  3.6

Action                   || total
-------------------------++-------
Melee: Dagger            ||    34
  Use: Potion            ||     4
 Stab: Sleeping          ||     2
Armor: Robe              ||     3
Dodge: Dodged            ||    15
